LNP
COMERIO GUABALEROS @ CABO ROJO COMBATIENTES
09/07/1905
 
TOP OF THE 1ST
Comerio Guabaleros batting - Pitching for Cabo Rojo Combatientes : RHP Callum McDonald
Pitching: RHP Callum McDonald
Batting: RHB Palamedes Chávez 0-0: Called Strike
0-1: Called Strike
0-2: Ball
1-2: Foul Ball, location: 2F
1-2: Foul Ball, location: 2F
1-2: Fly out, F7 (Line Drive, 7S, EV 156 KM/H)
Batting: RHB Aidan Gibson 0-0: Foul Ball, location: 2F
0-1: Called Strike
0-2: Strikes out swinging
Batting: RHB Turlough Ureña 0-0: Ball
1-0: Called Strike
1-1: Ball
2-1: Called Strike
2-2: Fly out, F8 (Flyball, 8LXD, EV 177 KM/H)
Top of the 1st over - 0 runs, 0 hits, 0 errors, 0 left on base; Comerio 0 - Cabo Rojo 0
BOTTOM OF THE 1ST
Cabo Rojo Combatientes batting - Pitching for Comerio Guabaleros : RHP Toribio Garza
Pitching: RHP Toribio Garza
Batting: SHB Leopoldo López 0-0: Ground out U3 (Groundball, 34, EV 135 KM/H)
Batting: RHB Quilón Mareno 0-0: Ball
1-0: Fly out, F6 (Popup, 6D, EV 102 KM/H)
Batting: RHB Julián Jerónimo 0-0: Ball
1-0: Ball
2-0: Ball
3-0: Base on Balls
Batting: SHB Miguel Batista 0-0: Ball
Julián Jerónimo steals 2nd base
1-0: Ball
2-0: Foul Ball, location: 2F
2-1: Foul Ball, location: 9LDF
2-2: Foul Ball, location: 5SF
2-2: SINGLE (Line Drive, 89S, EV 163 KM/H)
Julián Jerónimo to third
Throwing error, E9
Julián Jerónimo scores
Miguel Batista to second
Batting: RHB Eufemio García 0-0: Ball
Miguel Batista steals 3rd base
1-0: Ground out 5-3 (Groundball, 56, EV 149 KM/H)
Bottom of the 1st over - 1 run, 1 hit, 1 error, 1 left on base; Comerio 0 - Cabo Rojo 1
TOP OF THE 2ND
Comerio Guabaleros batting - Pitching for Cabo Rojo Combatientes : RHP Callum McDonald
Batting: RHB Semónides Reséndez 0-0: Ball
1-0: Called Strike
1-1: Swinging Strike
1-2: Ground out U3 (Groundball, 34S, EV 128 KM/H)
Batting: LHB Gilberto López 0-0: Ball
1-0: Foul Ball, location: 2F
1-1: Ball
2-1: Called Strike
2-2: Foul Ball, location: 3FF
2-2: Ball
3-2: Strikes out swinging
Batting: LHB Hansel Rodríguez 0-0: Ball
1-0: Foul Ball, location: 5SF
1-1: Ball
2-1: Swinging Strike
2-2: Foul Ball, location: 2F
2-2: Fly out, F6 (Popup, 6D, EV 89 KM/H)
Top of the 2nd over - 0 runs, 0 hits, 0 errors, 0 left on base; Comerio 0 - Cabo Rojo 1
BOTTOM OF THE 2ND
Cabo Rojo Combatientes batting - Pitching for Comerio Guabaleros : RHP Toribio Garza
Batting: LHB Alberto Monroy 0-0: Ball
1-0: Foul Ball, location: 23F
1-1: Called Strike
1-2: Ball
2-2: Fly out, F8 (Flyball, 89D, EV 171 KM/H)
Batting: RHB Jeremías Castro 0-0: Ball
1-0: Foul Ball, location: 5DF
1-1: Ground out 5-3 (Groundball, 5, EV 157 KM/H)
Batting: RHB José Hernández 0-0: Ball
1-0: Ball
2-0: Ball
3-0: Called Strike
3-1: Ground out 6-3 (Groundball, 6D, EV 135 KM/H)
Bottom of the 2nd over - 0 runs, 0 hits, 0 errors, 0 left on base; Comerio 0 - Cabo Rojo 1
TOP OF THE 3RD
Comerio Guabaleros batting - Pitching for Cabo Rojo Combatientes : RHP Callum McDonald
Batting: LHB Orlando González 0-0: Ground out 6-3 (Groundball, 6, EV 134 KM/H)
Batting: RHB Pablo Marcano 0-0: Ball
1-0: Called Strike
1-1: Called Strike
1-2: Fly out, F7 (Flyball, 78S, EV 150 KM/H)
Batting: RHB Quilón Gómez 0-0: Swinging Strike
0-1: Ball
1-1: Ball
2-1: Ball
3-1: Foul Ball, location: 2F
3-2: Foul Ball, location: 2F
3-2: Strikes out swinging
Top of the 3rd over - 0 runs, 0 hits, 0 errors, 0 left on base; Comerio 0 - Cabo Rojo 1
BOTTOM OF THE 3RD
Cabo Rojo Combatientes batting - Pitching for Comerio Guabaleros : RHP Toribio Garza
Batting: RHB Rodolfo Salamanca 0-0: Called Strike
0-1: Foul Ball, location: 2F
0-2: Foul Ball, location: 9LSF
0-2: Ball
1-2: Ball
2-2: Ground out 4-3 (Groundball, 34, EV 134 KM/H)
Batting: SHB Leopoldo López 0-0: Called Strike
0-1: Ball
1-1: Ball
2-1: SINGLE (Line Drive, 6MD, EV 159 KM/H)
Batting: RHB Quilón Mareno 0-0: Sac Bunt to 23 - play at first, batter OUT! 3-4
Leopoldo López to second
Batting: RHB Julián Jerónimo 0-0: Ball
1-0: Ground out 6-3 (Groundball, 6, EV 171 KM/H)
Bottom of the 3rd over - 0 runs, 1 hit, 0 errors, 1 left on base; Comerio 0 - Cabo Rojo 1
TOP OF THE 4TH
Comerio Guabaleros batting - Pitching for Cabo Rojo Combatientes : RHP Callum McDonald
Batting: RHB Palamedes Chávez 0-0: Ball
1-0: Ball
2-0: Ball
3-0: Base on Balls
Batting: RHB Aidan Gibson 0-0: Bunted foul
0-1: Sac Bunt to 23 - play at first, batter OUT! 3-4
Palamedes Chávez to second
Batting: RHB Turlough Ureña 0-0: Ground out 5-3 (Groundball, 56S, EV 138 KM/H)
Palamedes Chávez to third
Batting: RHB Semónides Reséndez 0-0: TRIPLE (Flyball, 78XD, EV 167 KM/H)
Palamedes Chávez scores
Batting: LHB Gilberto López 0-0: Ball
1-0: Called Strike
1-1: Ball
2-1: Swinging Strike
2-2: Foul Ball, location: 23FF
2-2: Ground out 5-3 (Groundball, 5, EV 142 KM/H)
Top of the 4th over - 1 run, 1 hit, 0 errors, 1 left on base; Comerio 1 - Cabo Rojo 1
BOTTOM OF THE 4TH
Cabo Rojo Combatientes batting - Pitching for Comerio Guabaleros : RHP Toribio Garza
Batting: SHB Miguel Batista 0-0: Ball
1-0: Ball
2-0: Ball
3-0: Base on Balls
Batting: RHB Eufemio García 0-0: Ball
1-0: Called Strike
1-1: Called Strike
1-2: Ball
2-2: Fielders Choice at 2nd, 6-4 (Groundball, 6, EV 136 KM/H)
Batting: LHB Alberto Monroy 0-0: Called Strike
Eufemio García is caught stealing 2nd base 2-6
0-1: Ball
1-1: Ball
2-1: Ball
3-1: Foul Ball, location: 25F
3-2: Fly out, F8 (Flyball, 8RD, EV 133 KM/H)
Bottom of the 4th over - 0 runs, 0 hits, 0 errors, 0 left on base; Comerio 1 - Cabo Rojo 1
TOP OF THE 5TH
Comerio Guabaleros batting - Pitching for Cabo Rojo Combatientes : RHP Callum McDonald
Batting: LHB Hansel Rodríguez 0-0: Ball
1-0: Called Strike
1-1: Called Strike
1-2: Fly out, F6 (Popup, P, EV 123 KM/H)
Batting: LHB Orlando González 0-0: Ball
1-0: Called Strike
1-1: Fly out, F7 (Line Drive, 7, EV 144 KM/H)
Batting: RHB Pablo Marcano 0-0: Called Strike
0-1: Ball
1-1: Foul Ball, location: 3DF
1-2: Foul Ball, location: 9LMF
1-2: Fly out, F4 (Line Drive, 4, EV 98 KM/H)
Top of the 5th over - 0 runs, 0 hits, 0 errors, 0 left on base; Comerio 1 - Cabo Rojo 1
BOTTOM OF THE 5TH
Cabo Rojo Combatientes batting - Pitching for Comerio Guabaleros : RHP Toribio Garza
Batting: RHB Jeremías Castro 0-0: SINGLE (Line Drive, 78S, EV 154 KM/H)
Batting: RHB José Hernández 0-0: Called Strike
Jeremías Castro steals 2nd base
0-1: Sac Bunt to 25 - play at first, batter OUT! 5-3
Jeremías Castro to third
Batting: RHB Rodolfo Salamanca 0-0: Called Strike
0-1: SINGLE (Groundball, 6M, EV 131 KM/H) (infield hit)
Jeremías Castro scores
Batting: SHB Leopoldo López 0-0: Called Strike
0-1: Ball
1-1: Called Strike
Rodolfo Salamanca is caught stealing 2nd base 2-6
1-2: Ball
2-2: Foul Ball, location: 5FF
2-2: Foul Ball, location: 2F
2-2: Foul Ball, location: 7LMF
2-2: Ball
3-2: Strikes out swinging
Bottom of the 5th over - 1 run, 2 hits, 0 errors, 0 left on base; Comerio 1 - Cabo Rojo 2
TOP OF THE 6TH
Comerio Guabaleros batting - Pitching for Cabo Rojo Combatientes : RHP Callum McDonald
Batting: RHB Quilón Gómez 0-0: Ball
1-0: Called Strike
1-1: Foul Ball, location: 2F
1-2: Ball
2-2: Ball
3-2: Ground out 4-3 (Groundball, 4, EV 132 KM/H)
Batting: RHB Palamedes Chávez 0-0: Ground out 4-3 (Groundball, 4, EV 161 KM/H)
Batting: RHB Aidan Gibson 0-0: Fly out, F8 (Flyball, 8RM, EV 150 KM/H)
Top of the 6th over - 0 runs, 0 hits, 0 errors, 0 left on base; Comerio 1 - Cabo Rojo 2
BOTTOM OF THE 6TH
Cabo Rojo Combatientes batting - Pitching for Comerio Guabaleros : RHP Toribio Garza
Batting: RHB Quilón Mareno 0-0: SINGLE (Line Drive, 8RS, EV 173 KM/H)
Batting: RHB Julián Jerónimo 0-0: Ball
1-0: Reached on error, E5 (Groundball, 5S, EV 70 KM/H)
Quilón Mareno to third
Batting: SHB Miguel Batista 0-0: Called Strike
0-1: Foul Ball, location: 5F
0-2: Foul Ball, location: 3FF
0-2: Fly out, F5 (Line Drive, 5, EV 154 KM/H)
Batting: RHB Eufemio García 0-0: Foul Ball, location: 2F
0-1: Fielders Choice at home, 5-2 (Groundball, 56S, EV 123 KM/H)
Julián Jerónimo to third
Batting: LHB Alberto Monroy 0-0: Called Strike
0-1: Foul Ball, location: 2F
0-2: Ball
1-2: Ball
2-2: Ball
Eufemio García steals 2nd base
3-2: Fly out, F6 (Popup, 6S, EV 132 KM/H)
Bottom of the 6th over - 0 runs, 1 hit, 1 error, 2 left on base; Comerio 1 - Cabo Rojo 2
TOP OF THE 7TH
Comerio Guabaleros batting - Pitching for Cabo Rojo Combatientes : RHP Callum McDonald
Batting: RHB Turlough Ureña 0-0: Ball
1-0: Called Strike
1-1: Ball
2-1: Foul Ball, location: 9LSF
2-2: Ball
3-2: Foul Ball, location: 9LMF
3-2: Ground out 6-3 (Groundball, 6, EV 134 KM/H)
Batting: RHB Semónides Reséndez 0-0: Ball
1-0: Ball
2-0: Ground out 5-3 (Groundball, 56, EV 177 KM/H)
Batting: LHB Gilberto López 0-0: Ball
1-0: Called Strike
1-1: Swinging Strike
1-2: Foul Ball, location: 7LSF
1-2: Strikes out swinging
Top of the 7th over - 0 runs, 0 hits, 0 errors, 0 left on base; Comerio 1 - Cabo Rojo 2
BOTTOM OF THE 7TH
Cabo Rojo Combatientes batting - Pitching for Comerio Guabaleros : RHP Toribio Garza
Batting: RHB Jeremías Castro 0-0: SINGLE (Groundball, 34D, EV 151 KM/H)
Batting: RHB José Hernández 0-0: Ball
Jeremías Castro steals 2nd base
1-0: Swinging Strike
1-1: Sac Bunt to 2L - play at first, batter OUT! 2-3
Jeremías Castro to third
Batting: RHB Rodolfo Salamanca 0-0: Ground out 4-3 (Groundball, 4, EV 139 KM/H)
Batting: SHB Leopoldo López 0-0: Ground out 6-3 (Groundball, 56, EV 122 KM/H)
Bottom of the 7th over - 0 runs, 1 hit, 0 errors, 1 left on base; Comerio 1 - Cabo Rojo 2
TOP OF THE 8TH
Comerio Guabaleros batting - Pitching for Cabo Rojo Combatientes : RHP Callum McDonald
Batting: LHB Hansel Rodríguez 0-0: Swinging Strike
0-1: Ball
1-1: Foul Ball, location: 7LDF
1-2: Foul Ball, location: 5SF
1-2: Fly out, F5 (Line Drive, 56, EV 155 KM/H)
Batting: LHB Orlando González 0-0: Called Strike
0-1: Ball
1-1: Foul Ball, location: 23F
1-2: Strikes out swinging
Batting: RHB Pablo Marcano 0-0: SINGLE (Groundball, 34D, EV 172 KM/H)
Batting: RHB Quilón Gómez 0-0: Foul Ball, location: 5F
0-1: Called Strike
0-2: Foul Ball, location: 2F
0-2: Foul Ball, location: 5SF
0-2: Ball
1-2: Ball
2-2: Strikes out swinging
Top of the 8th over - 0 runs, 1 hit, 0 errors, 1 left on base; Comerio 1 - Cabo Rojo 2
BOTTOM OF THE 8TH
Cabo Rojo Combatientes batting - Pitching for Comerio Guabaleros : RHP Toribio Garza
Batting: RHB Quilón Mareno 0-0: Called Strike
0-1: Ball
1-1: SINGLE (Line Drive, 89M, EV 153 KM/H)
Batting: RHB Julián Jerónimo 0-0: Foul Ball, location: 7LMF
0-1: Bunted foul
0-2: Fly out, F7 (Flyball, 78S, EV 142 KM/H)
Batting: SHB Miguel Batista 0-0: Ball
1-0: Ball
2-0: Ball
3-0: Base on Balls
Quilón Mareno to second
Pinch Runner at 2nd Benedicto Morales:
Batting: RHB Eufemio García 0-0: Fly out, F9 (Flyball, 9, EV 145 KM/H)
Batting: LHB Alberto Monroy 0-0: Ball
1-0: Ball
2-0: Foul Ball, location: 2F
2-1: Ground out U3 (Groundball, 34S, EV 137 KM/H)
Bottom of the 8th over - 0 runs, 1 hit, 0 errors, 2 left on base; Comerio 1 - Cabo Rojo 2
TOP OF THE 9TH
Comerio Guabaleros batting - Pitching for Cabo Rojo Combatientes : RHP Callum McDonald
Now at 1B: Eugenio Murillo
Batting: RHB Palamedes Chávez 0-0: Fly out, F8 (Line Drive, 8LM, EV 137 KM/H)
Pinch Hitting: LHB Atilio Espinoza 0-0: Ball
1-0: Ball
2-0: Ball
3-0: Base on Balls
Batting: RHB Turlough Ureña 0-0: Foul Ball, location: 2F
0-1: Foul Ball, location: 5DF
0-2: SINGLE (Line Drive, 8LS, EV 160 KM/H)
Atilio Espinoza to second
Runner from 2nd tries for 3rd, SAFE, throw by CF made to third
Batting: RHB Semónides Reséndez 0-0: Fielders Choice at 2nd, 1-6 (Groundball, 34S, EV 113 KM/H)
Batting: LHB Gilberto López 0-0: Ball
1-0: Foul Ball, location: 2F
1-1: Foul Ball, location: 5DF
1-2: Ball
2-2: Foul Ball, location: 9LMFF
2-2: 3-RUN HOME RUN (Flyball, 89XD, EV 160 KM/H), Distance : 121 mt
Batting: LHB Hansel Rodríguez 0-0: Ball
1-0: SINGLE (Line Drive, 9S, EV 140 KM/H)
Batting: LHB Orlando González 0-0: Swinging Strike
0-1: Ball
1-1: Ball
2-1: Ball
3-1: Base on Balls
Hansel Rodríguez to second
Batting: RHB Pablo Marcano 0-0: Foul Ball, location: 2F
0-1: Ball
1-1: Ground out 4-3 (Groundball, 4, EV 167 KM/H)
Top of the 9th over - 3 runs, 3 hits, 0 errors, 2 left on base; Comerio 4 - Cabo Rojo 2
BOTTOM OF THE 9TH
Cabo Rojo Combatientes batting - Pitching for Comerio Guabaleros : RHP Toribio Garza
Now at 1B: Atilio Espinoza
Now in CF: Fernando Guerra
Now in RF: Orlando González
Batting: SHB Eugenio Murillo 0-0: Ball
1-0: Foul Ball, location: 7LDF
1-1: Foul Ball, location: 5SF
1-2: Fly out, F6 (Popup, 6M, EV 116 KM/H)
Pinch Hitting: RHB Santiago Hernández 0-0: Called Strike
0-1: Ball
1-1: Ball
2-1: Ball
3-1: Base on Balls
Pinch Hitting: SHB Da'ud Gamal 0-0: Ground out 2-3 (Groundball, 13S, EV 98 KM/H)
Santiago Hernández to second
Batting: SHB Leopoldo López 0-0: Ball
1-0: Ball
2-0: Ball
3-0: Called Strike
3-1: TRIPLE (Flyball, 89XD, EV 158 KM/H)
Santiago Hernández scores
Batting: RHB Benedicto Morales 0-0: Ground out 2-3 (Groundball, 15S, EV 107 KM/H)
Bottom of the 9th over - 1 run, 1 hit, 0 errors, 1 left on base; Comerio 4 - Cabo Rojo 3
Monday, January 27th , 2025 - OOTP Baseball 25.11 Build 100